 Dungeon Crawl Stone Soup version 0.30-a0-782-ge64f9170bb (webtiles) character file.

Game seed: 10392678083115047704

13 M4edhros the Trooper (level 2, -1/18 HPs)
             Began as an Octopode Chaos Knight on Mar 1, 2023.
             Was a Plaything of Xom.
             Slain by a jackal (2 damage)
             ... on level 1 of the Dungeon.
             The game lasted 00:00:57 (5204 turns).

M4edhros the Trooper (Octopode Chaos Knight)        Turns: 5204, Time: 00:00:58

Health: -1/18      AC:  1    Str: 13 (15) XL:     2   Next: 37%
Magic:  2/2        EV: 13    Int: 11      God:    Xom [.*....]
Gold:   0          SH:  0    Dex: 10      Spells: 1/1 levels left

rFire   . . .      SeeInvis .    a - +0 mace (chaos)
rCold   . . .      Faith    .    (no shield)
rNeg    . . .      Spirit   .    (helmet restricted)
rPois   .          Reflect  .    (no amulet)
rElec   .          Harm     .    (no ring)
rCorr   .          Rampage  .    (no ring)
Will    .....      Clarity  +    (no ring)
Stlth   ++                       (no ring)
HPRegen 0.23/turn                (no ring)
MPRegen 0.08/turn                (no ring)
                                 (no ring)
                                 (no ring)

@: no status effects
A: almost no armour, amphibious, 8 rings, camouflage 1, gelatinous body 1,
(nimble swimmer 1), tentacles, fangs 1, clarity, deterioration 1, dopey 1, frail
1, high MP 1, strong 1, inability to read after injury 1
a: Renounce Religion


You were on level 1 of the Dungeon.
You worshipped Xom.
You were a plaything of Xom.
You visited 1 branch of the dungeon, and saw 2 of its levels.

Inventory:

Hand Weapons
 a - a +0 mace of chaos (weapon)
 c - a +7 arbalest
Miscellaneous
 b - a piece from Xom's chessboard (15/15) (quivered)


   Skills:
 + Level 3.5 Fighting
 - Level 3.0 Maces & Flails
 + Level 2.6 Dodging


You had one spell level left.
You didn't know any spells.
Your spell library was empty.

Dungeon Overview and Level Annotations

Branches:
Dungeon (2/15)

Altars:
Xom


Innate Abilities, Weirdness & Mutations

You cannot wear most types of armour.
You are amphibious.
You can wear up to eight rings at the same time.
Your skin changes colour to match your surroundings (Stealth+).
Your rubbery body absorbs attacks. (AC +1, EV +1)
((You are camouflaged when in or above water. (Stealth+)))
You have tentacles for arms and can constrict up to eight enemies at once.
You have very sharp teeth.
You possess an exceptional clarity of mind.
Your body sometimes deteriorates upon taking damage.
You are dopey. (Int -2)
You are frail. (-10% HP)
You have an increased reservoir of magic. (+10% MP)
Your muscles are strong. (Str +4, Int/Dex -1)
You occasionally lose the ability to read scrolls when taking damage.


Message History

You kill the endoplasm!
The jackal misses you. The jackal barely misses you.
The jackal completely misses you.
You shoot a bolt. The bolt closely misses the jackal.
The jackal bites you. The jackal closely misses you.
The kobold closely misses you. The jackal barely misses you.
You shoot a bolt. The bolt closely misses the kobold.
The jackal bites you. The kobold misses you. The jackal bites you.
The kobold hits you with a +0 club.
You feel threatened and lose the ability to read scrolls!
You are too injured to fight recklessly!
You are too injured to fight recklessly!
Okay, then.
You aren't carrying any potions.
Okay, then.
Your +0 mace of chaos is briefly surrounded by a scintillating aura of random colours.
a - a +0 mace of chaos (weapon)
The jackal barely misses you. The kobold hits you with a +0 club.
* * * LOW HITPOINT WARNING * * *
Your body deteriorates!
You feel weakened.
You hit the kobold. You freeze the kobold.
You kill the kobold!
The jackal misses you. The jackal barely misses you.
You hit the jackal.
The jackal suddenly seems more agile.
Xom thinks this is hilarious!
Your grab misses the jackal. Your squeeze misses the jackal.
The jackal is severely wounded.
The jackal bites you.
* * * LOW HITPOINT WARNING * * *
You miss the jackal. Your grab misses the jackal.
The jackal is severely wounded.
You can read scrolls again.
The jackal bites you but does no damage.
The jackal bites you.
* * * LOW HITPOINT WARNING * * *
Your body deteriorates!
You feel weakened.
You barely miss the jackal. Your grab misses the jackal.
The jackal is severely wounded.
The jackal barely misses you. The jackal bites you.
You die...

#. #.#
###.#.##.######
..............#
.....#..#....#
##. #.##....###
#.##......#
#.##.#....#
#.##.#....#
#.##.#...@#
#.##.#..)h#
..##.#.†..#
.#.#.#.#.#.
........ K
h#†#.#.#.#.
.......... .# #
#. )#


J You could see a jackal (agile).

Vanquished Creatures
  2 endoplasms (D:1)
  A giant cockroach (D:1)
  A hobgoblin (D:2)
  3 jackals (D:1)
  A kobold (D:1)
  A goblin (D:1)
  2 rats (D:2)
11 creatures vanquished.

Notes
Turn   | Place    | Note
-------+----------+-------------------------------------------
     0 | D:1      | M4edhros the Octopode Chaos Knight began the quest for the
                  | Orb.
     0 | D:1      | Reached XP level 1. HP: 16/16 MP: 1/1
   944 | D:1      | XOM: silly message
  1510 | D:1      | XOM is BORED!
  1510 | D:1      | XOM: give mutations
  1510 | D:1      | Gained mutation: Your mind is acute. (Int +4, Str/Dex -1)
                  | [Xom's mischief]
  1510 | D:1      | Gained mutation: Your body sometimes deteriorates upon
                  | taking damage. [Xom's mischief]
  1510 | D:1      | Gained mutation: You are frail. (-10% HP) [Xom's mischief]
  1890 | D:1      | XOM: god gift: +7 arbalest
  2051 | D:1      | XOM: give mutations
  2051 | D:1      | Gained mutation: Your muscles are strong. (Str +4, Int/Dex
                  | -1) [Xom's grace]
  2051 | D:1      | Gained mutation: You have very sharp teeth. [Xom's grace]
  2051 | D:1      | Gained mutation: You possess an exceptional clarity of
                  | mind. [Xom's grace]
  2300 | D:1      | XOM: scenery: summon butterflies
  2454 | D:1      | XOM: give mutation
  2454 | D:1      | Gained mutation: You have an increased reservoir of magic.
                  | (+10% MP) [Xom's grace]
  2541 | D:1      | XOM: cloud trail
  2674 | D:1      | XOM: divination: detect creatures
  3145 | D:1      | XOM: scenery: create altars
  3178 | D:1      | XOM: give mutations
  3178 | D:1      | Gained mutation: You occasionally lose the ability to read
                  | scrolls when taking damage. [Xom's mischief]
  3178 | D:1      | Lost mutation: Your mind is acute. (Int +4, Str/Dex -1)
                  | [Xom's mischief]
  3178 | D:1      | Gained mutation: You are dopey. (Int -2) [Xom's mischief]
  4046 | D:1      | XOM: noise
  4875 | D:1      | XOM: 1-stop teleportation journey
  5192 | D:1      | Reached XP level 2. HP: 18/18 MP: 2/2
  5204 | D:1      | Slain by a jackal

Illustrated notes

Levels and vault maps discovered:
D:1:      dpeg_arrival_fog, layout_basic, glass_columns_b, st_stairs_12
D:2:      layout_loops_ring, hex_medium, due_unseen_surprise

Action                     || total
---------------------------++-------
  Melee: Mace              ||    10
         Constrict         ||     2
   Fire: Arbalest          ||    14
 Armour: Skin              ||     2
  Dodge: Dodged            ||    22

Table legend: (Time is in decaauts)
 A = Elapsed time spent in this place.
 B = Non-inter-level travel time spent in this place.
 C = Inter-level travel time spent in this place.
 D = Time resting spent in this place.
 E = Time spent auto-exploring this place.
 F = Levels seen in this place.
 G = Mean time per level.
                   A        B        C        D        E       F      G
               +--------+--------+--------+--------+--------+-----+--------+
         Total |   5218 |   5218 |      0 |   5155 |      7 |   2 | 2609.0 |
       Dungeon |   5218 |   5218 |      0 |   5155 |      7 |   2 | 2609.0 |
               +--------+--------+--------+--------+--------+-----+--------+

Top non-repeatable levels by time:
     D:1: 5200 daAuts
     D:2: 17 daAuts
